 Dungeon Crawl Stone Soup version 0.31-a0-744-gbc345e7fcb (webtiles) character file.

Game seed: 1364465291881007267

389 Conn the Sneak (level 6, -2/39 HPs)
             Began as an Octopode Fire Elementalist on Sept 13, 2023.
             Slain by an ice beast (21 damage)
             ... on level 5 of the Dungeon.
             The game lasted 00:09:59 (4379 turns).

Conn the Sneak (Octopode Fire Elementalist)         Turns: 4379, Time: 00:10:04

Health: -2/39      AC:  1    Str:  8    XL:     6   Next: 79%
Magic:  3/11       EV: 13    Int: 19    God:
Gold:   259        SH:  0    Dex: 12    Spells: 0/12 levels left

rFire   + + .        t - +2 sling of Lust {elec, *Corrode rF++ rC- Will+++}
rCold   x . .        (no shield)
rNeg    . . .        (helmet restricted)
rPois   .            (no amulet)
rElec   .            s - ring of resist corrosion
rCorr   +            (no ring)
SInv    .            (no ring)
Will    +++..        (no ring)
Stlth   ++++         (no ring)
HPRegen 0.26/turn    (no ring)
MPRegen 0.12/turn    (no ring)
                     (no ring)

%: corrode self (3%)
@: no status effects
A: almost no armour, amphibious, 8 rings, camouflage 1, gelatinous body 1,
(nimble swimmer 1), tentacles
a: no special abilities


You were on level 5 of the Dungeon.
You visited 1 branch of the dungeon, and saw 5 of its levels.

You collected 259 gold pieces.

Inventory:

Hand Weapons
 f - a +0 dagger
 q - a +4 dagger
 t - the +2 sling of Lust (weapon) {elec, *Corrode rF++ rC- Will+++}
   (You found it on level 4 of the Dungeon)

   rF++:      It greatly protects you from fire.
   rC-:       It makes you vulnerable to cold.
   Will+++:   It greatly increases your willpower.
   *Corrode:  It may corrode you when you take damage.
Missiles
 d - 11 poisoned darts
 g - 7 curare-tipped darts
Magical Staves
 r - a staff of cold
Jewellery
 s - a ring of resist corrosion (left tentacle)
Wands
 i - a wand of polymorph (7)
Scrolls
 b - a scroll of silence
 c - a scroll of fear
 e - a scroll of enchant armour
 k - 3 scrolls of immolation
 m - a scroll of fog
 o - a scroll of teleportation {unknown}
 u - a scroll of amnesia {unknown}
Potions
 a - a potion of magic
 h - a potion of attraction {unknown}
 j - a potion of heal wounds {unknown}
 l - 2 potions of curing
 n - a potion of ambrosia {unknown}
 p - a potion of haste {unknown}


   Skills:
 + Level 1.9 Fighting
 + Level 0.0 Ranged Weapons
 + Level 3.0 Dodging
 + Level 4.3 Stealth
 * Level 3.6 Spellcasting
 * Level 3.2 Conjurations
 + Level 0.2 Translocations
 + Level 3.7 Fire Magic


You couldn't memorise any spells.
You knew the following spells:

 Your Spells              Type           Power      Damage    Failure   Level
a - Foxfire               Conj/Fire      64%        2x1d7     3%          1
b - Scorch                Fire           34%        2d6       4%          2
c - Inner Flame           Hex/Fire       10%        N/A       21%         3
d - Flame Wave            Conj/Fire      16%        2d7       32%         4
e - Blink                 Tloc           8%         N/A       19%         2

Your spell library contained the following spells:

 Spells                   Type           Power      Damage    Failure   Level
 Momentum Strike          Conj/Tloc      20%        3d8       11%         2
 Static Discharge         Conj/Air       18%        2-3/arc   11%         2
 Lesser Beckoning         Tloc           8%         N/A       19%         2
 Volatile Blastmotes      Fire/Tloc      22%        2d11      19%         3
 Tukima's Dance           Hex            3%         N/A       41%         3
 Passage of Golubria      Tloc           4%         N/A       77%         4
 Airstrike                Air            1%         2d(1-17)  82%         4
 Summon Lightning Spire   Summ/Air       3%         N/A       82%         4
 Yara's Violent Unravell  Hex/Tmut       1%         3d3       99%         5


Dungeon Overview and Level Annotations

Branches:
Dungeon (5/15)
 Temple: D:4-7

Altars:
Dithmenos
Fedhas


Innate Abilities, Weirdness & Mutations

You cannot wear most types of armour.
You are amphibious.
You can wear up to eight rings at the same time.
Your skin changes colour to match your surroundings (Stealth+).
Your rubbery body absorbs attacks. (AC +1, EV +1)
((You are camouflaged when in or above water. (Stealth+)))
You have tentacles for arms and can constrict up to eight enemies at once.


Message History

Confirm with . or Enter, or press ? or * to list all spells.
You conjure some foxfire!
The ice beast hits you. The ice beast freezes you!
You feel a terrible chill!
Unknown command.
The foxfire hits the sleepcap!
Flame seeps out of the sleepcap.
The sleepcap is moderately damaged.
The foxfire hits the sleepcap.
Flame seeps out of the sleepcap.
The sleepcap is moderately damaged.
The sleepcap is engulfed in blazing flames.
Flame seeps out of the sleepcap.
Unknown command.
Unknown command.
Unknown command.
Casting: Foxfire (safe; 3% risk of failure)
Confirm with . or Enter, or press ? or * to list all spells.
You conjure some foxfire!
The ice beast barely misses you.
Unknown command.
Unknown command.
You enter the deep water.
The foxfire hits the ice beast but does no damage.
The ice beast is lightly wounded.
The foxfire hits the ice beast.
The ice beast melts!
Flame seeps out of the ice beast.
The ice beast is moderately wounded.
The ice beast is engulfed in blazing flames.
Flame seeps out of the ice beast.
Unknown command.
Unknown command.
Casting: Foxfire (safe; 3% risk of failure)
Confirm with . or Enter, or press ? or * to list all spells.
You conjure some foxfire!
The ice beast misses you.
Unknown command.
The foxfire hits the sleepcap.
Flame seeps out of the sleepcap.
The sleepcap is severely damaged.
The foxfire hits the sleepcap.
Flame seeps out of the sleepcap.
The sleepcap is severely damaged.
The ice beast attacks as it pursues you!
The ice beast hits you. The ice beast freezes you!!
You feel a terrible chill!
Ouch! That really hurt!
You die...

#####...> ##### #
#.......####....#
#.#..........#....#
.##.#..≈≈≈≈≈≈≈.#....##
.....≈≈≈≈≈≈..........
#.#.≈≈f....8?....#####
#.Y.≈≈≈≈≈≈...>........
#.#..§≈≈≈≈≈≈..........
#..[.@Y.°....#.###.###
############.#.# #.###
#.........# #....
#.........# #####
#)........# #
#.........# #
#.........#######
##...............
#.####.#########


You could see 2 ice beasts and a sleepcap (inner flame).

Vanquished Creatures
  2 scorpions
  A gnoll bouda (D:4)
  Terence (D:2)
  An iguana (D:4)
  5 gnolls
  4 adders
  2 ufetubi (D:4)
  3 worms
  2 dart slugs
  4 orcs
  2 ball pythons
  7 bats
  4 endoplasms
  8 giant cockroaches
  9 goblins
  7 hobgoblins
  4 jackals (D:3)
  5 quokkas
  3 frilled lizards
  3 kobolds
  6 rats
83 creatures vanquished.

Vanquished Creatures (others)
  229 foxfires
229 creatures vanquished.

Grand Total: 312 creatures vanquished

Notes
Turn   | Place    | Note
-------+----------+-------------------------------------------
     0 | D:1      | Conn the Octopode Fire Elementalist began the quest for the
                  | Orb.
     0 | D:1      | Reached XP level 1. HP: 11/11 MP: 3/3
   408 | D:1      | Reached XP level 2. HP: 17/17 MP: 0/5
   419 | D:1      | Reached skill level 3 in Stealth
  1014 | D:2      | Reached XP level 3. HP: 21/21 MP: 2/6
  1017 | D:2      | Learned a level 2 spell: Scorch
  1021 | D:2      | Learned a level 3 spell: Inner Flame
  1286 | D:2      | Noticed Terence
  1435 | D:2      | Killed Terence
  1436 | D:2      | Reached XP level 4. HP: 27/27 MP: 4/7
  2579 | D:3      | Reached skill level 1 in Fighting
  2579 | D:3      | Reached XP level 5. HP: 27/33 MP: 9/9
  3342 | D:4      | Reached skill level 4 in Stealth
  3521 | D:4      | Reached XP level 6. HP: 26/38 MP: 1/11
  3622 | D:3      | Learned a level 4 spell: Flame Wave
  4014 | D:4      | Identified the +2 sling of Lust {elec, *Corrode rF++ rC-
                  | Will+++}
  4106 | D:4      | Found a blossoming altar of Fedhas.
  4174 | D:4      | Learned a level 2 spell: Blink
  4199 | D:5      | Entered Level 5 of the Dungeon
  4363 | D:5      | Found a shadowy altar of Dithmenos.
  4364 | D:5      | Noticed an ice beast
  4372 | D:5      | Noticed an ice beast
  4379 | D:5      | Slain by an ice beast

Illustrated notes

Levels and vault maps discovered:
D:1:      sevenhm_arrival_forest_fort_small_5, layout_rooms, minmay_pentomino_r2
D:2:      layout_rooms, minmay_worlds_worst_comb, uniq_terence
D:3:      layout_basic, serial_corexii_hall, chequers_hall_statues_y,
          corexii_hall_statues_i
D:4:      layout_loops_ring, marbit_many_paths
D:5:      layout_basic, makhleb_altar_promises_db, mainiacjoe_overflow_catwalk,
          old_standard_altar

Skill      XL: |  1  2  3  4  5  6 |
---------------+-------------------+-----
Stealth        | 3 4 |  4.3
Conjurations   | 2 3 |  3.2
Fighting       | 1 |  1.9
Spellcasting   | 3 |  3.6
Dodging        | 3 |  3.0
Translocations | |  0.2
Fire Magic     | |  3.7

Action                     |  1- 3 |  4- 6 || total
---------------------------+-------+-------++-------
  Melee: Constrict         |     5 |     8 ||    13
         Unarmed           |     1 |       ||     1
         Dagger            |    16 |    47 ||    63
         Tentacles         |     4 |     9 ||    13
   Fire: Sling             |       |     8 ||     8
  Throw: Dart              |     1 |     2 ||     3
   Cast: Foxfire           |    49 |    85 ||   134
         Scorch            |     1 |    11 ||    12
    Use: Scroll            |       |     6 ||     6
         Potion            |       |     1 ||     1
   Stab: Sleeping          |     5 |     7 ||    12
 Armour: Skin              |    17 |    38 ||    55
  Dodge: Dodged            |    16 |    34 ||    50

Table legend: (Time is in decaauts)
 A = Elapsed time spent in this place.
 B = Non-inter-level travel time spent in this place.
 C = Inter-level travel time spent in this place.
 D = Time resting spent in this place.
 E = Time spent auto-exploring this place.
 F = Levels seen in this place.
 G = Mean time per level.
                   A        B        C        D        E       F      G
               +--------+--------+--------+--------+--------+-----+--------+
         Total |   4379 |   4266 |    113 |    207 |   3124 |   5 |  875.8 |
       Dungeon |   4379 |   4266 |    113 |    207 |   3124 |   5 |  875.8 |
               +--------+--------+--------+--------+--------+-----+--------+

Top non-repeatable levels by time:
     D:3: 1229 daAuts
     D:2: 1045 daAuts
     D:1: 974 daAuts
     D:4: 947 daAuts
     D:5: 182 daAuts
